AoeStats
← UPHARSIN

Arabia

510183341Analyzed
1v1 RM · 3d ago on Sep 29, 2026· 30m 28s· 2 players
Game mode
Random Map
Map size
Tiny (2 player)
Population
200
Speed
Normal
Resources
Standard
Victory
Conquest
Starting age
Dark Age
Ending age
Imperial Age
RankedLock teamsTeams togetherTeam positionsShared explorationLock speedFull tech treeHidden civsTurbo modeCheats
Victory
Defeat
🇨🇦 Bulgarians · Canada
1347
+18
🇺🇸 Shu · United States
1382
-18
UPHARSIN
6:49 Loom
9:20 Feudal Age
9:48 Double-Bit Axe
11:24 Horse Collar
20:16 Castle Age
18:48 Scale Barding Armor
19:13 Gold Mining
19:53 Bloodlines
20:49 Forging
21:20 Chain Barding Armor
23:05 Bow Saw
28:08 Fletching
TheGardener
7:09 Loom
9:13 Feudal Age
10:16 Double-Bit Axe
13:29 Horse Collar
15:10 Fletching
17:03 Padded Archer Armor
17:54 Wheelbarrow
20:26 Castle Age
19:09 Gold Mining
21:15 Bodkin Arrow
21:07 Crossbowman
22:57 Bow Saw
22:50 Heavy Plow
23:06 Leather Archer Armor
Connection lost

Rejoining the realm…

Still unreachable

The connection could not be restored.

Session expired

The server has moved on; the page needs a fresh start.